 Seeded DCSS version 0.29.1-4-g47bece8355 (webtiles) character file.

Game seed: 3963285281921751823 (custom seed)

23 GigaChad the Trooper (level 2, -3/27 HPs)
             Began as a Minotaur Fighter on Dec 6, 2022.
             Slain by Sigmund
             ... wielding a +0 scythe
              (8 damage)
             ... on level 2 of the Dungeon.
             The game lasted 00:00:49 (727 turns).

GigaChad the Trooper (Minotaur Fighter)              Turns: 727, Time: 00:00:50

Health: -3/27      AC:  7    Str: 20    XL:     2   Next: 75%
Magic:  1/1        EV:  9    Int:  5    God:
Gold:   86         SH:  4    Dex:  9    Spells: 1/1 levels left

rFire   . . .      SeeInvis .   a - +0 war axe
rCold   . . .      Faith    .   c - +0 buckler
rNeg    . . .      Spirit   .   b - +0 scale mail
rPois   .          Reflect  .   (helmet restricted)
rElec   .          Harm     .   (no cloak)
rCorr   .          Rampage  .   (no gloves)
Will    .....                   (no boots)
Stlth   ..........              (no amulet)
HPRegen 0.09/turn               (no ring)
MPRegen 0.07/turn               (no ring)

@: no status effects
A: horns 2, retaliatory headbutt
a: no special abilities


You were on level 2 of the Dungeon.
You visited 1 branch of the dungeon, and saw 2 of its levels.

You collected 86 gold pieces.

Inventory:

Hand Weapons
 a - a +0 war axe (weapon)
Armour
 b - a +0 scale mail (worn)
 c - a +0 buckler (worn)
Jewellery
 j - a ring of resist corrosion
Scrolls
 g - 2 scrolls of identify {unknown}
 h - 2 scrolls of teleportation {unknown}
 i - a scroll of amnesia {unknown}
 k - a scroll of immolation {unknown}
 l - a scroll of noise {unknown}
 m - a scroll of silence {unknown}
 n - a scroll of blinking {unknown}
 p - a scroll of magic mapping {unknown}
 q - a scroll of enchant armour {unknown}
Potions
 d - a potion of might
 e - 2 potions of lignification {unknown}
 f - 2 potions of flight {unknown}
 o - a potion of curing {unknown}


   Skills:
 + Level 4.1 Fighting
 + Level 3.1 Axes
 + Level 3.8 Armour
 + Level 3.9 Shields


You had one spell level left.
You didn't know any spells.
Your spell library was empty.

Dungeon Overview and Level Annotations

Branches:
Dungeon (2/15)

Altars:

Annotations:
D:2 Sigmund


Innate Abilities, Weirdness & Mutations

You have a pair of horns on your head.
You reflexively headbutt those who attack you in melee.


Message History

h - 2 scrolls labelled BIWNOAM PEUTO (gained 1)
You now have 74 gold pieces (gained 6).
A rat comes into view.
A rat is nearby!
Found 3 gold pieces and a hand axe.
You hit the rat but do no damage. The rat barely misses you.
You closely miss the rat. The rat bites you but does no damage.
The rat barely misses you.
You barely miss the rat. The rat barely misses you.
You hit the rat but do no damage. You block the rat's attack.
You closely miss the rat. The rat closely misses you. x2
You barely miss the rat. You headbutt the rat.
You kill the rat!
You see here a rat corpse.
You now have 77 gold pieces (gained 3).
Found a stone staircase leading up.
There is a stone staircase leading up here.
You now have 86 gold pieces (gained 9).
q - a scroll labelled FAPIQA ETHRUC
Found a stone staircase leading down.
Sigmund the Dreaded comes into view.
He is wielding a +0 scythe and wearing a +2 robe of fire resistance.
Sigmund shouts!
Sigmund gestures at you while chanting.
The magic dart hits you but does no damage.
Sigmund casts a spell at you. The puff of flame hits you!
Sigmund casts a spell.
Sigmund flickers and vanishes!
Deactivating autopickup; reactivate with Ctrl-A.
You barely miss something. Something hits you.
You hit something but do no damage. Something hits you but does no damage.
You hit something. Something hits you!
* * * LOW HITPOINT WARNING * * *
You miss something. Your headbutt misses something.
Something hits you but does no damage.
You closely miss something. Something hits you.
* * * LOW HITPOINT WARNING * * *
You closely miss something. Something hits you but does no damage.
You closely miss something. Something hits you!
You die...

#..# ### ##.# #.# #.#
#######.## #####
.........##### .....#
#######......####.....#
##.###..........#
#.#.....@{.....#
#...######.>...# ####
....# ####


There were no monsters in sight!

Vanquished Creatures
  3 giant cockroaches
  2 goblins
  3 hobgoblins (D:1)
  3 jackals (D:1)
  A quokka (D:1)
  4 ball pythons (D:1)
  A frilled lizard (D:1)
  A kobold (D:1)
  2 rats
20 creatures vanquished.

Notes
Turn   | Place    | Note
-------+----------+-------------------------------------------
     0 | D:1      | GigaChad the Minotaur Fighter began the quest for the Orb.
     0 | D:1      | Reached XP level 1. HP: 19/19 MP: 0/0
    63 | D:1      | Reached XP level 2. HP: 27/27 MP: 1/1
   173 | D:1      | Reached skill level 4 in Fighting
   497 | D:1      | Found a faded altar of an unknown god.
   715 | D:2      | Noticed Sigmund
   727 | D:2      | Slain by Sigmund

Illustrated notes

Levels and vault maps discovered:
D:1:      dpeg_arrival_fog, layout_rooms, shapermc_ecumenical_altar_pompeii,
          serial_bayou_pond_e, minmay_quantized
D:2:      layout_rooms, uniq_sigmund

Skill      XL: |  1  2 |
---------------+-------+-----
Axes           | 3 |  3.1
Fighting       | 4 |  4.1
Armour         | |  3.8
Shields        | |  3.9

Action                   || total
-------------------------++-------
Melee: War axe           ||    45
       Headbutt          ||     3
Armor: Scale mail        ||    19
Dodge: Dodged            ||    32
Block: Buckler           ||    13
